 Dungeon Crawl Stone Soup version 0.31-a0-180-g519b7de00c (webtiles) character file.

Game seed: 658045145563146379

543 qw the Chopper (level 7, 0/44 HPs)
             Began as a Gargoyle Fighter on June 19, 2023.
             Slain by Pikel
             ... wielding a +2 whip of freezing
              (3 damage)
             ... on level 5 of the Dungeon.
             The game lasted 00:02:07 (3260 turns).

qw the Chopper (Gargoyle Fighter)                   Turns: 3260, Time: 00:02:08

Health: 0/44       AC: 16    Str: 21    XL:     7   Next: 27%
Magic:  7/7        EV:  6    Int:  7    God:
Gold:   178        SH:  5    Dex: 15    Spells: 6/6 levels left

rFire   . . .        Y - +0 war axe
rCold   . . .        c - +0 buckler
rNeg    + . .        n - +0 plate armour
rPois   inf          (no helmet)
rElec   +            (no cloak)
rCorr   .            (no gloves)
SInv    .            (no boots)
Will    +....        (no amulet) Stlth
                     i - +6 ring of dexterity
HPRegen 0.27/turn    m - ring of willpower
MPRegen 0.10/turn

%: clarity
@: no status effects
A: sickness immunity, AC +4, negative energy resistance 1, electricity
resistance, torment resistance 1, petrification resistance, clarity, dopey 1
a: no special abilities


You were on level 5 of the Dungeon.
You visited 1 branch of the dungeon, and saw 5 of its levels.

You collected 178 gold pieces.


Innate Abilities, Weirdness & Mutations

You are immune to sickness and miasma.
Your stone body is resilient. (AC +4)
You are immune to poison.
You resist negative energy. (rN+)
You are resistant to electric shocks. (rElec)
You are resistant to unholy torment.
You are immune to petrification.
You possess an exceptional clarity of mind.
You are dopey. (Int -2)


   Skills:
 - Level 4.8 Fighting
 + Level 6.2 Axes
 - Level 3.2 Armour
 - Level 1.0 Dodging
 - Level 3.2 Shields


You had 6 spell levels left.
You didn't know any spells.
Your spell library was empty.

Inventory:

Hand Weapons
 e - a +0 flail
 Y - a +0 war axe (weapon)
Armour
 c - a +0 buckler (worn)
 n - a +0 plate armour (worn)
Jewellery
 i - a +6 ring of dexterity (left hand)
 m - a ring of willpower (right hand)
Scrolls
 g - a scroll of identify
 j - 2 scrolls of teleportation
Potions
 a - a potion of cancellation
 b - a potion of enlightenment {unknown}
 d - 2 potions of might
 f - a potion of berserk rage {unknown}
 h - a potion of degeneration {unknown}
 k - a potion of resistance {unknown}
 l - a potion of curing {unknown}
 o - a potion of mutation
 p - a potion of lignification {unknown}

Dungeon Overview and Level Annotations

Branches:
Dungeon (5/15)
 Temple: D:4-7

Altars:
Ashenzari
Hepliaklqana

Annotations:
D:5 Dowan, Duvessa, Pikel


Message History

You slash Pikel!
Pikel is moderately wounded.
You hit Duvessa but do no damage. You hit Dowan but do no damage.
You hit the lemure. Duvessa hits you with a +0 short sword!
A hound comes into view.
You block Dowan's attack. The lemure hits you.
Pikel hits you but does no damage.
You barely miss Pikel.
Pikel is lightly wounded.
The hound barks!
You hit Duvessa. You hit Dowan. You hit the lemure. You block Duvessa's attack.
Duvessa hits you but does no damage. Dowan barely misses you.
The lemure hits you but does no damage.
Pikel hits you with a +2 whip of freezing.
Pikel freezes you.
You hit the lemure but do no damage.
The lemure is moderately wounded.
You closely miss Pikel. You barely miss Duvessa.
You hit Dowan but do no damage. You block Duvessa's attack.
The lemure hits you. Pikel hits you but does no damage.
Dowan casts a spell at you.
The puff of flame hits you but does no damage.
Duvessa hits you but does no damage.
You hit the lemure but do no damage.
The lemure is moderately wounded.
You miss Pikel. You closely miss Duvessa. You barely miss Dowan.
Duvessa zaps a wand.
The puff of flame hits you.
Dowan gestures wildly while chanting.
Dowan blinks!
The lemure hits you.
Pikel says, "Time is money, and you're costing me too much!"
Pikel hits you but does no damage. You block Duvessa's attack.
You closely miss the lemure.
The lemure is moderately wounded.
You hit the lemure but do no damage. You hit Pikel. You hit Duvessa.
Duvessa hits you but does no damage. The lemure hits you.
The lemure hits you but does no damage.
Pikel hits you with a +2 whip of freezing.
Pikel freezes you.
You die...

####### .......
.....<. .......
.......
......5####
.....hK5..#
....5he@.<#####.#
......5..........
..........#######
#.....<...#
#.........#
#.........#
#...e.....#
#..........
.#)##.###


You could see Pikel, Duvessa (fast), a black bear, 4 lemures, Dowan and a hound.

Vanquished Creatures
  A black bear (D:4)
  An ogre (D:4)
  A bullfrog (D:3)
  2 orc priests (D:4)
  A sleepcap (D:3)
  An iguana (D:5)
  2 orc wizards (D:4)
  4 adders
  2 worms (D:4)
  2 dart slugs
  10 orcs
  9 ball pythons
  6 endoplasms
  7 giant cockroaches
  11 goblins
  6 hobgoblins
  3 quokkas
  7 bats
  2 frilled lizards
  9 kobolds
  7 rats
94 creatures vanquished.

Notes
Turn   | Place    | Note
-------+----------+-------------------------------------------
     0 | D:1      | qw the Gargoyle Fighter began the quest for the Orb.
     0 | D:1      | Reached XP level 1. HP: 14/14 MP: 1/1
     0 | D:1      | 0 ||| qw: Version: 0.3-a-7-ge0c9b40
     0 | D:1      | 0 ||| qw: Game counter: 923
     0 | D:1      | 0 ||| qw: Always use a shield: true
     0 | D:1      | 0 ||| qw: God list: Okawaru
     0 | D:1      | 0 ||| qw: Allow faded altars: false
     0 | D:1      | 0 ||| qw: Do Orc after D:15 true
     0 | D:1      | 0 ||| qw: Do second Lair branch before Depths: true
     0 | D:1      | 0 ||| qw: Lair rune preference: random
     0 | D:1      | 0 ||| qw: Plans: Normal, Zot:1-4, Slime:5, God:TSO, Crypt,
                  | Tomb, Abyss, Pan, Hells, Win
     0 | D:1      | 0 ||| PLANNING D:1-11
    24 | D:1      | Reached skill level 2 in Axes
    67 | D:1      | 67 ||| Stepping ~*~*~tactically~*~*~ (hiding).
    69 | D:1      | 69 ||| Stepping ~*~*~tactically~*~*~ (hiding).
    74 | D:1      | Reached XP level 2. HP: 19/19 MP: 2/2
    74 | D:1      | 74 ||| Stepping ~*~*~tactically~*~*~ (hiding).
    75 | D:1      | 75 ||| Stepping ~*~*~tactically~*~*~ (hiding).
    77 | D:1      | 77 ||| Stepping ~*~*~tactically~*~*~ (stealth).
    78 | D:1      | 78 ||| Stepping ~*~*~tactically~*~*~ (hiding).
   169 | D:1      | HP: 4/19 [frozen (3)]
   211 | D:1      | 211 ||| FLEEEEING.
   213 | D:1      | 213 ||| FLEEEEING.
   214 | D:1      | 214 ||| FLEEEEING.
   406 | D:1      | Reached skill level 3 in Axes
   421 | D:1      | Reached XP level 3. HP: 22/23 MP: 3/3
   458 | D:1      | 458 ||| Stepping ~*~*~tactically~*~*~ (stealth).
   832 | D:1      | 832 ||| UPGRADING to +6 ring of dexterity.
   833 | D:1      | 833 ||| READING scroll labelled VICOLA ISIT.
   962 | D:2      | 962 ||| Stepping ~*~*~tactically~*~*~ (stealth).
  1180 | D:2      | Found a faded altar of an unknown god.
  1215 | D:2      | Reached skill level 1 in Dodging
  1558 | D:2      | 1558 ||| UPGRADING to +0 plate armour.
  1568 | D:2      | 1568 ||| DROPPING +0 scale mail.
  1569 | D:2      | 1569 ||| READING scroll labelled KUFIKHL GUWE.
  1570 | D:2      | 1570 ||| READING scroll labelled NIAVEO OFASS.
  1571 | D:2      | 1571 ||| READING scroll labelled ZUCZAMO QUOWK.
  1572 | D:2      | 1572 ||| READING scroll labelled YLUXUX ALIUGI.
  1608 | D:3      | 1608 ||| STAIRDANCE
  1707 | D:3      | Reached XP level 4. HP: 26/28 MP: 4/4
  1726 | D:3      | Noticed a bullfrog
  1727 | D:3      | 1727 ||| Stepping ~*~*~tactically~*~*~ (hiding).
  1733 | D:3      | Killed a bullfrog
  1734 | D:3      | Reached skill level 4 in Axes
  1734 | D:3      | Reached XP level 5. HP: 24/32 MP: 5/5
  1741 | D:3      | 1741 ||| FLEEEEING.
  1742 | D:3      | 1742 ||| FLEEEEING.
  1743 | D:3      | 1743 ||| FLEEEEING.
  1744 | D:3      | 1744 ||| FLEEEEING.
  1745 | D:3      | 1745 ||| FLEEEEING.
  1746 | D:3      | 1746 ||| FLEEEEING.
  1747 | D:3      | 1747 ||| FLEEEEING.
  1748 | D:3      | 1748 ||| FLEEEEING.
  1749 | D:3      | 1749 ||| FLEEEEING.
  1750 | D:3      | 1750 ||| FLEEEEING.
  1751 | D:3      | 1751 ||| STAIRDANCE
  1801 | D:3      | 1801 ||| DROPPING +0 whip.
  1924 | D:3      | Identified the +2 ring mail "Axkoer" {Str-5 Dex+4}
  1957 | D:3      | 1957 ||| Stepping ~*~*~tactically~*~*~ (stealth).
  1960 | D:3      | 1960 ||| Stepping ~*~*~tactically~*~*~ (stealth).
  1968 | D:3      | 1968 ||| Stepping ~*~*~tactically~*~*~ (stealth).
  1974 | D:3      | 1974 ||| Stepping ~*~*~tactically~*~*~ (stealth).
  2052 | D:3      | Found a hazy altar of Hepliaklqana.
  2120 | D:3      | 2120 ||| Stepping ~*~*~tactically~*~*~ (stealth).
  2121 | D:3      | 2121 ||| Stepping ~*~*~tactically~*~*~ (stealth).
  2127 | D:3      | Reached skill level 5 in Axes
  2207 | D:3      | 2207 ||| UPGRADING to ring of willpower.
  2208 | D:3      | 2208 ||| READING scroll labelled IZU ZETIETY.
  2209 | D:3      | 2209 ||| READING scroll labelled GUKARU KUZOA.
  2210 | D:3      | 2210 ||| DRINKING 2 smoky ruby potions.
  2257 | D:4      | 2257 ||| Stepping ~*~*~tactically~*~*~ (stealth).
  2258 | D:4      | 2258 ||| Stepping ~*~*~tactically~*~*~ (stealth).
  2280 | D:4      | Found a broken altar of Ashenzari.
  2381 | D:4      | Noticed an ogre
  2385 | D:4      | HP: 6/32 [ogre/+0 giant club (15)]
  2386 | D:4      | 2386 ||| READING 3 scrolls of teleportation.
  2387 | D:4      | 2387 ||| DRINKING potion of heal wounds.
  2391 | D:4      | 2391 ||| FLEEEEING.
  2393 | D:4      | 2393 ||| FLEEEEING.
  2394 | D:4      | 2394 ||| STAIRDANCE
  2436 | D:3      | 2436 ||| READING 2 scrolls labelled ONNATS NICK.
  2437 | D:3      | 2437 ||| READING scroll labelled DOWIRO VEKE.
  2497 | D:4      | 2497 ||| Stepping ~*~*~tactically~*~*~ (stealth).
  2585 | D:4      | 2585 ||| Stepping ~*~*~tactically~*~*~ (stealth).
  2586 | D:4      | 2586 ||| Stepping ~*~*~tactically~*~*~ (stealth).
  2608 | D:4      | Noticed a black bear
  2623 | D:4      | Killed a black bear
  2624 | D:4      | Reached XP level 6. HP: 23/40 MP: 6/6
  2642 | D:4      | 2642 ||| FLEEEEING.
  2643 | D:4      | 2643 ||| FLEEEEING.
  2644 | D:4      | 2644 ||| FLEEEEING.
  2645 | D:4      | 2645 ||| FLEEEEING.
  2646 | D:4      | 2646 ||| FLEEEEING.
  2647 | D:4      | 2647 ||| FLEEEEING.
  2655 | D:4      | 2655 ||| FLEEEEING.
  2656 | D:4      | 2656 ||| FLEEEEING.
  2657 | D:4      | 2657 ||| FLEEEEING.
  2658 | D:4      | 2658 ||| FLEEEEING.
  2659 | D:4      | 2659 ||| FLEEEEING.
  2662 | D:4      | 2662 ||| FLEEEEING.
  2663 | D:4      | 2663 ||| FLEEEEING.
  2670 | D:4      | 2670 ||| FLEEEEING.
  2672 | D:4      | 2672 ||| FLEEEEING.
  2673 | D:4      | 2673 ||| FLEEEEING.
  2674 | D:4      | 2674 ||| FLEEEEING.
  2675 | D:4      | 2675 ||| FLEEEEING.
  2676 | D:4      | 2676 ||| FLEEEEING.
  2677 | D:4      | 2677 ||| STAIRDANCE
  2699 | D:3      | 2699 ||| DRINKING 2 red potions.
  2700 | D:3      | 2700 ||| DROPPING potion of brilliance.
  2896 | D:4      | 2896 ||| Stepping ~*~*~tactically~*~*~ (stealth).
  2899 | D:4      | 2899 ||| Stepping ~*~*~tactically~*~*~ (hiding).
  2900 | D:4      | 2900 ||| FLEEEEING.
  2901 | D:4      | 2901 ||| Stepping ~*~*~tactically~*~*~ (hiding).
  2911 | D:4      | HP: 9/40 [something (2)]
  2918 | D:4      | Reached XP level 7. HP: 8/44 MP: 7/7
  3085 | D:4      | Reached skill level 6 in Axes
  3217 | D:4      | 3217 ||| DRINKING 2 smoky yellow potions.
  3217 | D:4      | Gained mutation: You are dopey. (Int -2) [potion of
                  | mutation]
  3217 | D:4      | Gained mutation: You possess an exceptional clarity of
                  | mind. [potion of mutation]
  3218 | D:4      | 3218 ||| READING 2 scrolls of identify.
  3218 | D:4      | 3218 ||| IDENTIFYING sedimented amethyst potion
  3244 | D:5      | Entered Level 5 of the Dungeon
  3246 | D:5      | Noticed Pikel
  3247 | D:5      | 3247 ||| Stepping ~*~*~tactically~*~*~ (stealth).
  3249 | D:5      | Noticed Dowan
  3250 | D:5      | Noticed Duvessa
  3260 | D:5      | HP: 8/44 [lemure[Pikel] (5)]
  3260 | D:5      | HP: 3/44 [Pikel/+2 whip of freezing (5)]
  3260 | D:5      | Slain by Pikel

Levels and vault maps discovered:
D:1:      nzn_arrival_water_spiral, layout_basic
D:2:      layout_basic, shapermc_ecumenical_altar_venn
D:3:      layout_rooms, mainiacjoe_overflow_paths, kennysheep_generic_room_14
D:4:      layout_cave_pools, nicolae_overflow_crystal_walls,
          minmay_misc_feat_secret_circle
D:5:      layout_rooms, gammafunk_temple_overflow_claw,
          lemuel_temple_firewalk_a, serial_demonic, serial_demonic_a,
          serial_demonic_e, serial_demonic_d, serial_demonic_d,
          serial_demonic_d, serial_demonic_b, uniq_pikel, uniq_menkaure,
          uniq_duvessa

Skill      XL: |  1  2  3  4  5  6  7 |
---------------+----------------------+-----
Axes           | 2 3 4 5 6 |  6.2
Dodging        | 1 |  1.0
Fighting       | 4 |  4.8
Armour         | |  3.2
Shields        | |  3.2

Action                     |  1- 3 |  4- 6 |  7- 9 || total
---------------------------+-------+-------+-------++-------
  Melee: War axe           |   125 |   162 |    15 ||   302
  Throw: Boomerang         |       |    10 |       ||    10
    Use: Scroll            |     5 |     5 |     1 ||    11
         Potion            |       |     3 |     1 ||     4
 Armour: Scale mail        |    51 |       |       ||    51
         Plate armour      |     3 |   118 |    12 ||   133
  Dodge: Dodged            |    49 |    46 |     5 ||   100
  Block: Buckler           |    17 |    34 |     8 ||    59

Table legend:
 A = Non-vault XP
 B = Vault XP
 C = Vault XP percentage of total XP
 D = Non-vault monster count
 E = Vault monster count
 F = Vault count percentage of total count
                 A         B        C        D         E       F
            +---------+---------+-------+---------+---------+-------
      Total |     774 |       3 |   0.4 |      92 |       2 |   2.1
            +---------+---------+-------+---------+---------+-------
        D:1 |      52 |       0 |   0.0 |      29 |       0 |   0.0
        D:2 |      25 |       0 |   0.0 |      16 |       0 |   0.0
        D:3 |     183 |       3 |   1.6 |      22 |       2 |   8.3
        D:4 |     477 |       0 |   0.0 |      24 |       0 |   0.0
        D:5 |      37 |       0 |   0.0 |       1 |       0 |   0.0
            +---------+---------+-------+---------+---------+-------
